Map: Ruins of Seras

Players

BunnyWillis - Winner!

  • Race: Terran Terran
  • League: Grandmaster

NguyenSanity

  • Race: Terran Terran
  • League: Master

VOD

Have the link to the VOD?

Description

Time

  • Played on: Nov. 24, 2015, 1:30 a.m.
  • Length: 11:52
Show
View Real Time Build Order
Export as new Build Order

BunnyWillis Terran - Winner!

Build Orders: Reaper Expand, Bio Tank 

Get SALT Encoding   

  12  0:01  SCV  
  13  0:13  SCV  
  14  0:18  Supply Depot  
  14  0:25  SCV  
  15  0:40  SCV  
  15  0:41  Barracks  
  16  0:46  Refinery  
  16  0:52  SCV  
  17  1:04  SCV  
  18  1:16  SCV  
  19  1:29  Reaper, Orbital Command  
  20  1:50  Command Center  
  20  1:56  SCV  
  21  2:08  Barracks Reactor, SCV  
  22  2:09  Supply Depot  
  22  2:18  Barracks  
  22  2:20  SCV  
  23  2:30  Refinery  
  23  2:32  SCV  
  23  2:35  Factory  
  24  2:44  SCV, Marine x2  
  27  2:56  SCV  
  28  3:03  Orbital Command  
  28  3:04  Marine x2  
  30  3:06  Barracks Tech Lab  
  30  3:09  SCV  
  31  3:21  SCV  
  32  3:28  Marine x2  
  32  3:29  Cyclone  
  32  3:30  Barracks Tech Lab  
  32  3:32  SCV  
  32  3:34  SCV  
  39  3:38  Supply Depot  
  38  3:44  SCV  
  38  3:46  SCV, Marine x2  
  42  3:50  Combat Shields  
  42  3:52  Marine  
  43  3:56  SCV  
  43  4:00  SCV  
  45  4:06  Supply Depot, Marine x2  
  45  4:09  Marine  
  47  4:13  Siege Tank  
  51  4:18  SCV x2  
  51  4:21  Engineering Bay  
  53  4:30  SCV x2, Marine x2  
  54  4:33  Marine  
  54  4:42  SCV x2  
  48  4:48  Marine x2  
  48  4:50  Marine  
  48  4:52  Siege Tank  
  53  4:54  SCV  
  53  4:59  Missile Turret  
  55  5:01  Missile Turret  
  55  5:03  Missile Turret  
  55  5:05  Marine  
  55  5:06  Missile Turret, Marine  
  56  5:09  Marine  
  56  5:12  Stimpack  
  56  5:13  SCV x2  
  59  5:23  Marine  
  59  5:24  Starport  
  59  5:25  SCV x2, Marine  
  62  5:32  Supply Depot  
  62  5:33  Marine  
  61  5:37  SCV x2  
  61  5:42  Marine  
  64  5:43  Marine  
  64  5:47  Siege Tank  
  68  5:51  SCV, Marine  
  68  5:54  SCV  
  69  6:02  Starport Reactor  
  69  6:03  SCV, Marine x2  
  72  6:06  SCV  
  72  6:08  Refinery, Marine  
  74  6:15  SCV  
  74  6:19  SCV, Siege Tank  
  74  6:22  Refinery  
  74  6:23  Terran Infantry Weapons Level 1  
  78  6:27  Marine x2  
  78  6:28  Supply Depot  
  80  6:34  Supply Depot  
  80  6:35  Supply Depot, SCV  
  80  6:37  SCV  
  82  6:44  Medivac  
  83  6:50  Marine, Medivac  
  83  6:51  Marine  
  83  6:52  Marine  
  87  7:06  Barracks  
  87  7:08  Command Center  
  87  7:10  Marine  
  87  7:11  Marine  
  87  7:12  Marine  
  90  7:16  Medivac  
  90  7:20  Medivac  
  90  7:21  SCV  
  95  7:26  Siege Tank  
  95  7:27  SCV  
  99  7:33  Supply Depot  
  99  7:36  Marine  
  99  7:37  Marine x2  
  100  7:41  SCV x2  
  100  7:53  SCV  
  100  7:54  Barracks Reactor, Marine x3  
  97  8:06  SCV  
  97  8:12  Marine x3  
  94  8:21  Orbital Command  
  94  8:22  SCV x2  
  94  8:25  Barracks x2  
  96  8:30  Marine x3  
  99  8:41  Marine x2  
  99  8:43  Siege Tank, Medivac x2  
  99  8:46  SCV  
  99  8:48  Marine x3  
  112  8:59  Marine x2  
  102  9:04  SCV  
  102  9:05  Marine  
  102  9:06  Marine x2  
  93  9:12  Orbital Command  
  93  9:17  Barracks Reactor x2, Armory, Marine x2  
  93  9:18  Engineering Bay  
  93  9:22  Siege Tank  
  93  9:23  Marine x2  
  93  9:24  Marine  
  101  9:25  Terran Infantry Armor Level 1  
  101  9:34  Marine  
  102  9:38  Marine  
  102  9:41  Marine x3  
  102  9:44  Medivac  
  108  9:52  Marine  
  109  9:54  Siege Tank, Marine  
  109  9:55  Marine x3  
  109  9:56  Marine  
  109  9:59  Marine  
  118  10:04  Marine x2  
  120  10:13  Marine x3  
  123  10:18  Marine  
  123  10:19  Marine x3  
  123  10:20  Medivac x2  
  131  10:21  Marine  
  132  10:29  Supply Depot x2  
  132  10:31  Supply Depot  
  132  10:34  Siege Tank  
  135  10:38  Marine x2  
  135  10:39  Marine x3  
  135  10:40  Marine  
  141  10:47  Marine  
  142  10:50  Medivac x2  
  142  10:51  SCV, Refinery  
  142  10:53  SCV  
  142  10:54  SCV  
  149  11:03  Marine x4  
  153  11:04  Marine  
  152  11:16  Marine x2  
  152  11:17  Marine  
  152  11:18  Marine  
  126  11:27  Marine x2  
  126  11:28  Marine x3  
  134  11:34  SCV  
  134  11:35  Command Center  
Show
View Real Time Build Order
Export as new Build Order

NguyenSanity Terran 

Build Orders: Bio Tank, Banshee Rush 

Get SALT Encoding   

  12  0:01  SCV  
  13  0:13  SCV  
  14  0:18  Supply Depot  
  14  0:25  SCV  
  15  0:40  SCV  
  15  0:42  Barracks  
  16  0:47  Refinery  
  16  0:52  SCV  
  17  1:04  SCV  
  18  1:16  SCV  
  19  1:21  Refinery  
  19  1:29  Orbital Command, Marine  
  20  1:41  Supply Depot  
  20  1:46  Marine  
  21  1:53  Factory  
  21  1:55  SCV  
  22  2:04  Marine  
  22  2:07  SCV  
  24  2:20  SCV  
  24  2:21  Supply Depot  
  25  2:23  Marine  
  26  2:32  SCV  
  27  2:37  Factory Tech Lab  
  27  2:38  Starport  
  27  2:41  Marine  
  27  2:44  SCV  
  29  2:55  Siege Tank  
  29  2:56  SCV  
  33  3:00  Supply Depot  
  33  3:01  Marine  
  34  3:10  SCV  
  35  3:14  Medivac  
  37  3:22  Marine  
  38  3:54  Banshee  
  41  3:56  Cloaking Field  
  41  3:59  Barracks Tech Lab  
  41  4:01  Command Center  
  41  4:05  Supply Depot  
  41  4:20  Stimpack  
  41  4:35  SCV  
  41  4:36  Banshee  
  43  4:51  SCV  
  43  4:52  Marine  
  40  4:55  Command Center  
  40  5:00  Factory Reactor  
  40  5:08  SCV  
  40  5:10  Supply Depot  
  40  5:11  Barracks  
  40  5:13  Orbital Command  
  41  5:20  SCV  
  42  5:33  SCV  
  43  5:38  Marine  
  43  5:39  Starport Reactor  
  44  5:45  SCV  
  44  5:47  SCV, Barracks  
  46  5:56  Marine  
  47  5:57  SCV  
  47  6:00  SCV  
  49  6:05  Barracks Reactor  
  49  6:08  Orbital Command  
  49  6:09  SCV  
  50  6:12  SCV  
  50  6:13  Factory Tech Lab  
  50  6:14  Marine  
  52  6:19  Medivac x2  
  52  6:21  SCV  
  52  6:24  SCV  
  58  6:25  Engineering Bay  
  58  6:32  Siege Tank, Marine  
  62  6:33  SCV  
  62  6:34  Combat Shields  
  62  6:35  Marine x2  
  62  6:36  SCV  
  66  6:42  Marine x2  
  66  6:45  SCV  
  69  6:49  Marine  
  69  6:51  Orbital Command  
  69  6:53  Marine x2  
  72  7:00  Marine x2  
  74  7:04  Siege Tank  
  74  7:07  Marine  
  78  7:10  Marine  
  78  7:11  Marine  
  80  7:18  Marine x2  
  80  7:20  SCV, Factory, Barracks  
  80  7:21  SCV x2  
  85  7:25  Marine  
  85  7:28  Marine x2  
  88  7:32  SCV  
  88  7:36  Siege Tank, Marine x2  
  91  7:37  SCV  
  91  7:41  SCV  
  91  7:43  Refinery  
  93  7:45  Marine  
  93  7:46  Supply Depot, Marine x2  
  93  7:47  Supply Depot  
  93  7:54  Marine  
  93  8:02  Marine  
  93  8:03  Marine  
  93  8:04  Marine x2, Medivac  
  88  8:06  Marine  
  88  8:12  Marine  
  78  8:18  Siege Tank x2  
  78  8:19  Marine  
  84  8:21  Marine  
  84  8:22  Marine x2  
  84  8:24  Marine  
  83  8:29  Marine  
  84  8:37  Marine  
  84  8:39  Marine  
  84  8:40  Marine x2  
  77  8:42  Marine  
  77  8:47  Marine  
  79  8:55  Marine  
  79  8:57  Marine x3  
  79  9:00  Marine  
  79  9:05  Marine  
  65  9:13  Marine  
  65  9:14  Marine  
  65  9:15  Marine x2  
  69  9:23  Siege Tank, Marine  
  73  9:25  Barracks Reactor  
  73  9:29  Barracks  
  73  9:30  Barracks  
  73  9:31  Marine  
  71  9:32  Marine  
  71  9:33  Marine x2  
  71  9:35  Siege Tank, Barracks  
  77  9:41  Marine  
  78  9:48  Marine  
  78  9:50  Viking, Marine  
  78  9:51  Marine x2  
  84  9:55  Siege Tank  
  84  9:58  Marine  
  88  10:02  Marine x2  
  88  10:06  Widow Mine, Marine  
  90  10:08  Marine  
  90  10:09  Marine x2  
  90  10:12  Refinery  
  91  10:16  Marine  
  91  10:19  Marine x2  
  94  10:24  Marine  
  94  10:26  Marine x2  
  94  10:27  Marine  
  98  10:31  Orbital Command  
  98  10:34  Marine  
  101  10:37  Marine x2  
  101  10:42  Marine  
  104  10:43  Marine  
  104  10:44  Marine x2  
  104  10:48  Barracks Reactor, Siege Tank  
  104  10:49  Barracks Reactor  
  108  10:52  Marine  
  108  10:53  SCV  
  108  10:54  Missile Turret x2  
  108  10:55  Missile Turret, Marine x2  
  108  10:56  Missile Turret  
  106  11:00  Marine  
  106  11:01  Marine  
  106  11:02  Marine  
  109  11:14  Marine  
  109  11:15  Marine x3  
  109  11:17  Missile Turret  
  109  11:18  Marine  
  95  11:19  Missile Turret, Marine  
  95  11:20  Marine  
  95  11:25  Marine x4  
  83  11:32  Marine x2  
  86  11:33  Marine x2  
Tags
 
Composition
Bio TankBio Tank
Matchup
TvT
Race
Terran
Replay Pack
REPS
Strategy
Banshee Rush
Add a new tag
Caveats
  • Supply blocks, unpowered buildings, or Contaminate may cause inaccurate times.
  • Supply counts are checked every 10 seconds.